 Dungeon Crawl Stone Soup version 0.15-a0-1619-g29500c9 (webtiles) character file.

373 PolkaDot the Insei (level 6, -5/47 HPs)
             Began as a Demonspawn Monk on June 20, 2014.
             Killed from afar by an orc wizard (9 damage)
             ... with a magic dart
             ... on Level 4 of the Dungeon.
             The game lasted 00:14:16 (3303 turns).

PolkaDot the Insei (Demonspawn Monk)                Turns: 3303, Time: 00:14:18

HP  -5/47        AC  2     Str 12      XL: 6   Next: 43%
MP  15/15        EV 13     Int 11      God:
Gold 160         SH  0     Dex 17      Spells:  0 memorised,  5 levels left

rFire  . . .     SeeInvis +       - Unarmed
rCold  . . .     Clarity  .     a - +0 robe
rNeg   . . .     rCorr    .     (no shield)
rPois  .         rRot     .     (helmet unavailable)
rElec  .         Spirit   .     (no cloak)
SustAb .         Warding  .     (no gloves)
rMut   .         Stasis   .     (no boots)
Gourm  .                        c - amulet of faith
MR     .....                    r - +6 ring of slaying
                                g - ring of magical power

@: confused, not resistant to hostile enchantments, very unstealthy
A: antennae 3
a: no special abilities


You were on level 4 of the Dungeon.
You were hungry.

You visited 1 branch of the dungeon, and saw 4 of its levels.

You collected 160 gold pieces.

Inventory:

Armour
 a - a +0 robe (worn)
Comestibles
 b - 3 bread rations
 f - a slice of pizza
 i - a meat ration
 m - a royal jelly
 n - a beef jerky
 w - a chunk of hound flesh {@w1}
Scrolls
 d - 6 scrolls of identify
 e - 2 scrolls of remove curse
 h - a scroll of enchant weapon
 j - a scroll of blinking
 o - a scroll of random uselessness
 p - a scroll of immolation {unknown}
 q - 2 scrolls of teleportation
 v - 2 scrolls of enchant armour {unknown}
Jewellery
 c - an amulet of faith (around neck)
 g - a ring of magical power (left hand)
 k - an uncursed ring of sustain abilities
 l - an uncursed ring of flight
 r - a +6 ring of slaying (right hand)
Potions
 s - a potion of restore abilities


   Skills:
 - Level 3.0 Fighting
 - Level 2.6 Dodging
 - Level 1.7 Stealth
 + Level 7.1 Unarmed Combat


You had 5 spell levels left.
You didn't know any spells.

Dungeon Overview and Level Annotations

Branches:
Dungeon (4/15)
 Temple: D:4-7

Altars:
Nemelex Xobeh


Innate Abilities, Weirdness & Mutations

You have a pair of large antennae on your head (SInv).


Message History

You swing at nothing.
The orc wizard hits you but does no damage.
The orc wizard barely misses you.
You are feeling hungry.
You completely miss the orc wizard.
The orc wizard is severely wounded.
You feel less confused. The orc hits you with a hand axe.
* * * LOW HITPOINT WARNING * * *
The orc wizard gestures at you while chanting.
The puff of flame misses you.
Drink which item? (? for menu, Esc to quit)
You are confused.
It was a potion of confusion.
The orc wizard hits you with a dagger.
* * * LOW HITPOINT WARNING * * *
The orc hits you with a hand axe.
* * * LOW HITPOINT WARNING * * *
The orc wizard points at you and mumbles some strange words.
The magic dart hits you!
You die...

.........## ..
..........####...###.
..###............... ..#
##.#........#..# ..#
#...###....#..# ..##
#..####....#..# . ...###.##
#........###..##
.......####..#..oo........
.####....#...(..@o###..... ##
##.............# #...# #
#......####....###...## . #
#..###<# #...........# ...
.###..# ..#
##........##..###.#. ....(##
#.####....#...# ..K..#
###..## .......###...# ......
#...####..####.###..#####...#
###..##.## #.##()..%.(....#


You could see 2 orc wizards and an orc.

Vanquished Creatures
  An ogre (D:3)
  A hound (D:4)
  An orc wizard (D:4)
  A worker ant (D:4)
  8 adders
  4 gnolls (D:2)
  A giant mite (D:2)
  A worm (D:3)
  3 giant geckos
  2 orcs
  6 giant cockroaches
  10 hobgoblins
  7 kobolds
  A quokka (D:4)
  14 bats
  7 giant newts
  11 goblins
  6 rats
85 creatures vanquished.

Notes
Turn   | Place    | Note
--------------------------------------------------------------
     0 | D:1      | PolkaDot, the Demonspawn Monk, began the quest for the Orb.
     0 | D:1      | Reached XP level 1. HP: 18/18 MP: 1/1
   285 | D:1      | Reached skill level 4 in Unarmed Combat
   288 | D:1      | Gained mutation: You have a pair of small antennae on your head. [demonic ancestry]
   288 | D:1      | Reached XP level 2. HP: 24/24 MP: 2/2
   820 | D:2      | Gained mutation: You have a pair of antennae on your head. [demonic ancestry]
   820 | D:2      | Reached XP level 3. HP: 29/29 MP: 3/3
  1190 | D:2      | Reached skill level 5 in Unarmed Combat
  1428 | D:2      | Reached XP level 4. HP: 31/35 MP: 4/4
  2089 | D:3      | Gained mutation: You have a pair of large antennae on your head (SInv). [demonic ancestry]
  2089 | D:3      | Reached XP level 5. HP: 39/41 MP: 5/5
  2169 | D:3      | Noticed an ogre
  2392 | D:3      | Killed an ogre
  2392 | D:3      | Reached skill level 6 in Unarmed Combat
  3049 | D:4      | Reached XP level 6. HP: 42/47 MP: 6/6
  3235 | D:4      | Found a sparkling altar of Nemelex Xobeh.
  3259 | D:4      | Reached skill level 7 in Unarmed Combat
  3303 | D:4      | Killed from afar by an orc wizard

Action                   |  1- 3 |  4- 6 || total
-------------------------+-------+-------++-------
Melee: Unarmed           |   142 |   145 ||   287
  Use: Scroll            |       |     7 ||     7
       Potion            |       |     6 ||     6
 Stab: Sleeping          |     1 |     5 ||     6
